 Dungeon Crawl Stone Soup version 0.28.0-49-g6dfe1f597d (webtiles) character file.

Game seed: 3204201493373665161

33250 Zeld the Severer (level 13, -17/122 (126) HPs)
             Began as a Minotaur Berserker on May 11, 2022.
             Was an Elder of Trog.
             Shot with a bolt by an orc warlord (28 damage)
             ... on level 2 of the Orcish Mines on May 12, 2022.
             The game lasted 00:18:44 (23853 turns).

Zeld the Severer (Minotaur Berserker)              Turns: 23853, Time: 00:18:45

HP:   -17/122 (126) AC: 21    Str: 26    XL:     13   Next: 35%
MP:   12/12         EV: 11    Int:  4    God:    Trog [****..]
Gold: 1420          SH:  0    Dex: 11    Spells: 12/12 levels left

rFire   . . .      SeeInvis .   a - +4 battleaxe
rCold   . . .      Faith    .   (shield currently unavailable)
rNeg    . . .      Spirit   .   d - +1 plate armour {Will+}
rPois   +          Reflect  .   (helmet restricted)
rElec   .          Harm     .   x - +2 cloak
rCorr   .          Rampage  .   (no gloves)
Will    +....                   t - +0 pair of boots
Stlth   ..........              (no amulet)
HPRegen 0.30/turn               u - ring of poison resistance
MPRegen 0.13/turn               (no ring)

@: lightly drained
A: horns 2, retaliatory headbutt
a: Renounce Religion, Berserk, Trog's Hand, Brothers in Arms


You were on level 2 of the Orcish Mines.
You worshipped Trog.
Trog was greatly pleased with you.
You visited 3 branches of the dungeon, and saw 15 of its levels.

You collected 1660 gold pieces.
You spent 240 gold pieces at shops.

Inventory:

Hand Weapons
 a - a +4 battleaxe (weapon)
Armour
 d - a +1 plate armour of willpower (worn)
 t - a +0 pair of boots (worn)
 x - a +2 cloak (worn)
Jewellery
 k - a ring of protection from cold
 u - a ring of poison resistance (left hand)
 v - a ring of protection from fire
Wands
 g - a wand of polymorph (4)
 y - a wand of iceblast (11)
 B - a wand of charming (5)
 F - a wand of flame (19)
Scrolls
 b - a scroll of holy word
 i - a scroll of fear
 p - a scroll of silence
 s - 6 scrolls of teleportation
 E - 2 scrolls of identify
Potions
 c - a potion of mutation {unknown}
 e - 3 potions of heal wounds {unknown}
 f - 4 potions of lignification {unknown}
 h - a potion of degeneration {unknown}
 j - 5 potions of curing {unknown}
 l - 3 potions of attraction {unknown}
 n - a potion of brilliance {unknown}
 o - 3 potions of berserk rage {unknown}
 q - 4 potions of ambrosia {unknown}
 z - a potion of might {unknown}
 A - a potion of flight {unknown}
 D - a potion of invisibility {unknown}
Miscellaneous
 m - a condenser vane


   Skills:
 - Level 15.0 Fighting
 * Level 15.9 Axes
 + Level 11.3 Armour
 + Level 10.4 Dodging
 * Level 6.0 Evocations


You had 12 spell levels left.
You didn't know any spells.
Your spell library was empty.

Dungeon Overview and Level Annotations

Branches:
Dungeon (12/15)            Temple (1/1) D:4            Lair (0/6) D:11
    Orc (2/2) D:9             Elf (0/3) Orc:2

Altars:
Ashenzari
Cheibriados
Dithmenos
Elyvilon
Fedhas
Gozag
Hepliaklqana
Kikubaaqudgha
Makhleb
Nemelex Xobeh
Okawaru
Qazlal
Ru
Sif Muna
Trog
Uskayaw
Vehumet
Wu Jian
Xom
Yredelemnul
Zin
The Shining One

Shops:
D:9 ?   D:11 (   Orc:1 [

Annotations:
D:8 3 runed translucent doors, klau3's ghost, novice MiBe
Orc:1 1 runed translucent door, turdburglar's ghost, journeyman HuFi


Innate Abilities, Weirdness & Mutations

You have a pair of horns on your head.
You reflexively headbutt those who attack you in melee.


Message History

Done exploring.
You climb downwards.
There is a stone staircase leading up, spattered with blood here.
Unknown command.
The orc warlord shoots a bolt.
The bolt hits you but does no damage.
Items here: )))) [[[.
The orc warlord shoots a bolt.
The bolt hits you!!
Things that are here:
a +0 robe; a +0 dagger The orc warlord shoots a bolt.
The bolt hits you!
Things that are here:
a +0 ring mail; a +0 flail Your ogre goes berserk!
The orc warlord shoots a bolt.
The bolt hits you!! What are your orders? t - Shout!
Orders for allies: a - Attack new target. r - Retreat! s - Stop attacking. g - Guard the area. f - Follow me.
Anything else - Cancel.
Gang up on whom?
Press: ? - help, Dir - move target, f - orc warlord
Aim: an orc warlord, wielding a +0 arbalest, wearing a +0 plate armour and quivering bolts (ally target) Attack!
The orc warlord shoots a bolt.
The bolt hits you!
The orc warlord shoots a bolt.
The bolt hits your ogre!
Your ogre closely misses the orc warlord.
The orc warlord shoots a bolt.
The bolt hits your ogre!!
Your ogre dies!
Your ogre's corpse disappears in a puff of smoke!
The orc warlord shoots a bolt.
The bolt hits you!!
* * * LOW HITPOINT WARNING * * *
Things that are here:
a +0 robe; a +0 dagger
Items here: )))) [[[.
The orc warlord shoots a bolt.
The bolt hits you!
* * * LOW HITPOINT WARNING * * *
There is a stone staircase leading up, spattered with blood here.
The orc warlord shoots a bolt.
The bolt hits you!!
You die...

#...........................#.##
#........[[...).............###
#........[[.............#....##
#.........o...[...............#
#.##..........................#
###.#.#.....[[...[............#
#.....#.....[.[..........##.##
###.........[.[[).......######
#.............[@[.#.#.###
#...#.........[)[..####
#.###..##....[....##
####...#..........#
##.##.)[#.##..## #####..[.#####
##.....# ##......## #...##...#


You could see an orc warlord.

Vanquished Creatures
  Rupert (Orc:1)
  Snorg (Orc:2)
  An ogre mage (Orc:1)
  A centaur warrior (D:11)
  7 two-headed ogres
  2 orc high priests (Orc:2)
  Urug (Orc:1)
  Pikel (D:6)
  4 orc sorcerers
  3 orc knights
  2 deep elf pyromancers (D:12)
  2 cyclopes
  A manticore (D:12)
  An ugly thing (D:11)
  A black mamba (D:11)
  2 kobold demonologists (D:11)
  An efreet (D:10)
  7 trolls
  4 hornets
  Prince Ribbit (D:7)
  5 slime creatures
  A shadow (D:10)
  A vampire (D:10)
  2 wyverns
  A basilisk (D:11)
  20 yaks
  Grum (D:8)
  A steam dragon (D:9)
  2 wargs
  An acid dragon (D:12)
  5 water moccasins
  36 orc warriors
  2 wolves
  5 centaurs
  A lemure (D:6)
  7 ogres
  3 kobold brigands
  6 bullfrogs
  A gnoll sergeant (D:9)
  3 scorpions
  10 killer bees
  A bullfrog zombie (D:5)
  3 centaur zombies
  2 hounds (D:5)
  Crazy Yiuf (D:5)
  17 orc priests
  2 jellies
  2 centaur skeletons
  5 iguanas
  A bullfrog skeleton (D:6)
  A gnoll shaman (D:8)
  21 orc wizards
  A howler monkey zombie (D:10)
  9 gnolls
  12 adders
  2 shadow imps
  A white imp (D:7)
  3 ufetubi
  2 worms (D:2)
  3 dart slugs
  72 orcs
  7 endoplasms
  2 giant cockroaches
  4 hobgoblins
  5 jackals
  3 quokkas
  5 ball pythons
  6 bats
  6 frilled lizards
  10 goblins
  19 kobolds
  7 rats
393 creatures vanquished.

Vanquished Creatures (collateral kills)
  A boulder beetle (D:11)
  A water moccasin (D:11)
  An orc warrior (Orc:1)
  A bullfrog (D:11)
  3 orcs (Orc:1)
7 creatures vanquished.

Vanquished Creatures (others)
  An orc wizard (Orc:1)
  2 gnolls (D:9)
  An orc (Orc:2)
  51 fungi
  38 plants (D:11)
93 creatures vanquished.

Grand Total: 493 creatures vanquished

Notes
Turn   | Place    | Note
-------+----------+-------------------------------------------
     0 | D:1      | Zeld the Minotaur Berserker began the quest for the Orb.
     0 | D:1      | Reached XP level 1. HP: 19/19 MP: 0/0
   413 | D:1      | Found a faded altar of an unknown god.
   459 | D:1      | Reached XP level 2. HP: 15/27 MP: 1/1
  1320 | D:2      | Found a stormy altar of Qazlal.
  1444 | D:2      | Reached XP level 3. HP: 23/33 MP: 2/2
  1993 | D:2      | Reached ** piety under Trog
  1996 | D:2      | Reached XP level 4. HP: 24/41 MP: 3/3
  2006 | D:2      | Identified the +0 leather armour of Hairiness {rN+ MP-9
                  | Str+6 Dex+3}
  3262 | D:3      | Reached skill level 5 in Fighting
  3852 | D:4      | Reached XP level 5. HP: 40/48 MP: 0/4
  3992 | D:4      | Found a staircase to the Ecumenical Temple.
  4006 | Temple   | Entered the Ecumenical Temple
  4229 | D:4      | Reached skill level 5 in Axes
  4579 | D:4      | Reached *** piety under Trog
  4878 | D:5      | Entered Level 5 of the Dungeon
  4923 | D:5      | Reached XP level 6. HP: 36/56 MP: 0/5
  5353 | D:5      | Reached XP level 7. HP: 52/63 MP: 0/6
  5707 | D:5      | Found a runed translucent door.
  5708 | D:5      | Noticed Crazy Yiuf
  5766 | D:5      | Killed Crazy Yiuf
  6229 | D:6      | Noticed Pikel
  6242 | D:6      | Killed Pikel
  6243 | D:6      | Reached skill level 5 in Armour
  6243 | D:6      | Reached XP level 8. HP: 73/73 MP: 0/7
  7238 | D:7      | Reached skill level 5 in Dodging
  7452 | D:7      | Noticed a slime creature
  7453 | D:7      | Noticed a slime creature
  7454 | D:7      | Noticed a slime creature
  7493 | D:7      | Killed a slime creature
  7808 | D:7      | Killed a slime creature
  7809 | D:7      | Reached XP level 9. HP: 83/83 MP: 0/8
  7867 | D:7      | Paralysed by a hornet for 2 turns
  8244 | D:7      | Noticed Prince Ribbit
  8253 | D:7      | Killed Prince Ribbit
  8636 | D:8      | Noticed Grum
  8638 | D:8      | Found a runed translucent gate.
  8638 | D:8      | Found a runed translucent gate.
  8638 | D:8      | Found a runed translucent gate.
  8638 | D:8      | Noticed klau3's ghost (novice MiBe)
  8638 | D:8      | Noticed a komodo dragon
  8796 | D:8      | Reached skill level 10 in Fighting
  8796 | D:8      | Reached skill level 10 in Axes
  8800 | D:8      | Killed Grum
  9535 | D:8      | Reached XP level 10. HP: 39/94 MP: 9/9
  9950 | D:8      | Reached **** piety under Trog
 10651 | D:9      | Found a staircase to the Orcish Mines.
 10939 | D:9      | Found Urai's Magic Scroll Shoppe.
 10953 | D:9      | Bought a scroll of identify for 24 gold pieces
 10953 | D:9      | Bought a scroll of teleportation for 36 gold pieces
 10953 | D:9      | Bought a scroll of identify for 24 gold pieces
 10953 | D:9      | Bought a scroll of enchant weapon for 90 gold pieces
 10953 | D:9      | Bought a scroll of magic mapping for 42 gold pieces
 10953 | D:9      | Bought a scroll of identify for 24 gold pieces
 11561 | D:9      | You fall into a shaft and drop 2 floors!
 11562 | D:11     | Found Amuemuj's Antique Weapon Shoppe.
 11601 | D:11     | Noticed a two-headed ogre
 11601 | D:11     | Noticed a cyclops
 11622 | D:11     | Noticed a boulder beetle
 11649 | D:10     | Entered Level 10 of the Dungeon
 12038 | D:9      | Found a bloodstained altar of Trog.
 12303 | D:10     | Identified the +1 robe of Ysuf {rF+}
 12481 | D:10     | Noticed a two-headed ogre
 12489 | D:10     | Killed a two-headed ogre
 12490 | D:10     | Reached XP level 11. HP: 105/105 MP: 10/10
 12658 | D:10     | Noticed a two-headed ogre
 12808 | D:10     | Killed a two-headed ogre
 13629 | D:11     | Noticed a centaur warrior
 13642 | D:11     | Killed a centaur warrior
 13711 | D:11     | Noticed a two-headed ogre
 13717 | D:11     | Killed a two-headed ogre
 13809 | D:11     | Killed a two-headed ogre
 13822 | D:11     | Noticed a white ugly thing
 13837 | D:11     | Killed a white ugly thing
 14041 | D:11     | Noticed a two-headed ogre
 14051 | D:11     | Killed a two-headed ogre
 14201 | D:11     | Found a staircase to the Lair.
 14219 | D:11     | Killed a boulder beetle
 14568 | D:11     | Reached XP level 12. HP: 110/116 MP: 11/11
 14649 | D:11     | Reached skill level 10 in Armour
 14808 | D:11     | Reached skill level 1 in Evocations
 17665 | Orc:1    | Entered Level 1 of the Orcish Mines
 17674 | Orc:1    | Found Nezxexycs's Antique Armour Emporium.
 17682 | Orc:1    | Noticed an ogre mage
 17683 | Orc:1    | Noticed a two-headed ogre
 17685 | Orc:1    | Noticed a two-headed ogre
 18042 | D:9      | Killed a two-headed ogre
 18064 | Orc:1    | Killed a two-headed ogre
 18387 | Orc:1    | Killed an ogre mage
 18425 | Orc:2    | Entered Level 2 of the Orcish Mines
 18425 | Orc:2    | Noticed Rupert
 18444 | Orc:1    | Killed Rupert
 18445 | Orc:1    | Reached skill level 15 in Fighting
 18445 | Orc:1    | Reached skill level 15 in Axes
 19753 | Orc:1    | Reached skill level 10 in Dodging
 19993 | Orc:1    | Found a runed translucent door.
 20002 | Orc:1    | Noticed turdburglar's ghost (journeyman HuFi)
 20364 | Orc:1    | Reached XP level 13. HP: 78/126 MP: 12/12
 20775 | Orc:2    | Noticed Urug
 20786 | Orc:2    | Reached skill level 5 in Evocations
 21058 | Orc:1    | Killed Urug
 21310 | Orc:2    | Found a staircase to the Elven Halls.
 21539 | Orc:2    | Noticed Snorg
 21556 | Orc:2    | Killed Snorg
 23371 | Orc:2    | Noticed an orc warlord
 23853 | Orc:2    | Shot with a bolt by an orc warlord

Illustrated notes

Levels and vault maps discovered:
D:1:      minmay_arrival_stone_box, layout_basic, ebering_ecumenical_altar_hall,
          hangedman_feature_mirror, corexii_leaking_fountain
D:2:      layout_loops_cross, basic_altar
D:3:      layout_basic
D:4:      layout_basic, minmay_temple_entry_arrows
D:5:      layout_rooms, uniq_crazy_yiuf_cottage
D:6:      layout_loops_ring, serial_aquarium, aquarium_bridge_island_small
          [aquarium_subvault_small_open, aquarium_subvault_balcony,
          aquarium_subvault_bridge, aquarium_subvault_wall,
          aquarium_subvault_bridge], aquarium_window_1, aquarium_window_2,
          aquarium_window_fake, aquarium_view_2c, aquarium_view_2e, uniq_pikel
D:7:      layout_gridville, uniq_prince_ribbit1
D:8:      layout_basic, gammafunk_ghost_split, uniq_grum
D:9:      hellmonk_warped_wall, layout_cave_pools, bloody_trog, orc_0_dummy,
          serial_shops, shop
D:10:     layout_stronghold, kennysheep_nub, minmay_puff
D:11:     layout_basic, due_lair_maze_entry_diamond, serial_shops, shop
D:12:     layout_basic, special_room [special_room_orc]
Temple:   minmay_crystal_snake_temple
Orc:1:    layout_caves, nicolae_volcano_entry_two_sided, serial_shops, shop,
          ebering_ghost_reflecting_pool
Orc:2:    st_orc_congregation, layout_caves, uniq_snorg, uniq_rupert, uniq_urug

Skill      XL: |  1  2  3  4  5  6  7  8  9 10 11 12 13 |
---------------+----------------------------------------+-----
Axes           | 4 5 6 7 9 10 12 13 15 | 15.9
Fighting       | 4 5 6 7 9 10 12 13 15 | 15.0
Armour         | 3 4 5 6 7 8 9 10 11 | 11.3
Dodging        | 3 4 5 6 8 9 10 | 10.4
Evocations     | 4 6 |  6.0

Action                   |  1- 3 |  4- 6 |  7- 9 | 10-12 | 13-15 || total
-------------------------+-------+-------+-------+-------+-------++-------
Melee: Hand axe          |    61 |   130 |    47 |       |       ||   238
       Headbutt          |     6 |    23 |    28 |    85 |    30 ||   172
       Punch             |       |     2 |     2 |     2 |       ||     6
       War axe           |       |       |   111 |    79 |       ||   190
       Battleaxe         |       |       |       |   346 |   147 ||   493
Invok: Berserk           |       |     1 |     6 |     9 |     2 ||    18
       Trog's Hand       |       |     1 |     1 |     2 |     1 ||     5
       Brothers in Arms  |       |       |       |     1 |     1 ||     2
Evoke: Wand              |       |       |       |     4 |       ||     4
  Use: Scroll            |       |       |     7 |    15 |     2 ||    24
Armor: Animal skin       |     8 |     1 |       |       |       ||     9
       Leather armour    |       |    33 |    39 |       |       ||    72
       Plate armour      |       |       |    32 |   290 |    86 ||   408
Dodge: Dodged            |    54 |   101 |   123 |   281 |    80 ||   639
